 Dungeon Crawl Stone Soup version 0.30.0-18-gf1372a6a44 (webtiles) character file.

Game seed: 9133640917651386693

40 qw the Chopper (level 3, -1/23 HPs)
             Began as a Gargoyle Fighter on May 21, 2023.
             Killed from afar by Sigmund (7 damage)
             ... with a magic dart
             ... on level 2 of the Dungeon.
             The game lasted 00:00:41 (1226 turns).

qw the Chopper (Gargoyle Fighter)                   Turns: 1226, Time: 00:00:42

Health: -1/23      AC: 10    Str: 21    XL:     3   Next: 50%
Magic:  3/3        EV:  9    Int:  8    God:
Gold:   70         SH:  4    Dex:  9    Spells: 2/2 levels left

rFire   . . .        Y - +2 war axe
rCold   . . .        c - +0 buckler
rNeg    + . .        b - +0 scale mail
rPois   inf          (no helmet)
rElec   +            (no cloak)
rCorr   .            (no gloves)
SInv    .            (no boots)
Will    .....        (no amulet) Stlth
                     (no ring)
HPRegen 0.23/turn    (no ring)
MPRegen 0.08/turn

%: no passive effects
@: no status effects
A: sickness immunity, AC +3, negative energy resistance 1, electricity
resistance, torment resistance 1, petrification resistance
a: no special abilities


You were on level 2 of the Dungeon.
You visited 1 branch of the dungeon, and saw 2 of its levels.

You collected 70 gold pieces.


Innate Abilities, Weirdness & Mutations

You are immune to sickness and miasma.
Your stone body is resilient. (AC +3)
You are immune to poison.
You resist negative energy. (rN+)
You are resistant to electric shocks. (rElec)
You are resistant to unholy torment.
You are immune to petrification.


   Skills:
 - Level 3.2 Fighting
 + Level 3.4 Axes
 - Level 3.2 Armour
 - Level 3.2 Shields


You had 2 spell levels left.
You didn't know any spells.
Your spell library was empty.

Inventory:

Hand Weapons
 i - a +0 whip
 Y - a +2 war axe (weapon)
Armour
 b - a +0 scale mail (worn)
 c - a +0 buckler (worn)
Scrolls
 g - a scroll of teleportation {unknown}
 h - a scroll of identify {unknown}
Potions
 a - 2 potions of ambrosia {unknown}
 d - 2 potions of might
 e - a potion of mutation {unknown}
 f - a potion of attraction {unknown}
 j - a potion of berserk rage {unknown}
 k - a potion of heal wounds
 l - 2 potions of haste {unknown}
 m - a potion of lignification {unknown}

Dungeon Overview and Level Annotations

Branches:
Dungeon (2/15)

Altars:

Annotations:
D:2 Sigmund


Message History

You completely miss the worm.
The worm is almost dead.
The worm bites you.
You completely miss the worm.
The worm is almost dead.
The worm barely misses you.
You hit the worm.
The worm is almost dead.
You hit the worm.
The worm is almost dead.
The worm bites you but does no damage.
You hit the worm.
You kill the worm!
You start resting.
HP restored.
You see here a worm corpse.
Sigmund the Dreaded comes into view.
He is wielding a +0 scythe.
Sigmund shouts!
Sigmund casts a spell.
Sigmund flickers and vanishes!
Deactivating autopickup; reactivate with Ctrl-A.
You swing at nothing.
You swing at nothing.
You swing at nothing.
Something hits you but does no damage.
You swing at nothing.
You block something's attack.
You swing at nothing.
Something hits you.
You swing at nothing.
Something hits you.
You swing at nothing.
You swing at nothing.
Something hits you.
You swing at nothing.
Something hits you!
You swing at nothing.
A magic dart appears from out of thin air!
The magic dart hits you!
You die...

## #########.. .. #.........
# #......... # #........ ..#
##. ......... ..### ###..
........# #>..#####...#
........####.....##..#..
.....{.@..##.........#..
.......[#..#............
######....%.........%#..
#####...........#.#
##........###.. #########
##........###.#
...<.....#####..###........#
...............## #.#.......
.........####### #....#...#


There were no monsters in sight!

Vanquished Creatures
  A worm (D:2)
  2 dart slugs
  2 bats (D:1)
  2 endoplasms (D:1)
  3 giant cockroaches (D:1)
  5 goblins
  2 hobgoblins (D:2)
  2 quokkas
  5 ball pythons
  2 kobolds (D:1)
  5 rats (D:1)
31 creatures vanquished.

Notes
Turn   | Place    | Note
-------+----------+-------------------------------------------
     0 | D:1      | qw the Gargoyle Fighter began the quest for the Orb.
     0 | D:1      | Reached XP level 1. HP: 14/14 MP: 1/1
     0 | D:1      | 0 ||| qw: Version: 0.2-a-98-g16b38d9
     0 | D:1      | 0 ||| qw: Game counter: 9
     0 | D:1      | 0 ||| qw: Always use a shield: true
     0 | D:1      | 0 ||| qw: God list: Okawaru
     0 | D:1      | 0 ||| qw: Allow faded altars: false
     0 | D:1      | 0 ||| qw: Do Orc after D:15 true
     0 | D:1      | 0 ||| qw: Do second Lair branch before Depths: true
     0 | D:1      | 0 ||| qw: Lair rune preference: random
     0 | D:1      | 0 ||| qw: Plans: Normal, Zot:1-4, God:TSO, Crypt, Tomb,
                  | Pan, Slime:5, Hells, Abyss, Win
     0 | D:1      | 0 ||| PLANNING D:1-11
    42 | D:1      | Found a faded altar of an unknown god.
    47 | D:1      | 47 ||| Stepping ~*~*~tactically~*~*~ (stealth).
    50 | D:1      | 50 ||| Stepping ~*~*~tactically~*~*~ (stealth).
    51 | D:1      | 51 ||| Stepping ~*~*~tactically~*~*~ (stealth).
    57 | D:1      | 57 ||| Stepping ~*~*~tactically~*~*~ (hiding).
    59 | D:1      | 59 ||| Stepping ~*~*~tactically~*~*~ (hiding).
   114 | D:1      | Reached XP level 2. HP: 19/19 MP: 2/2
   366 | D:1      | 366 ||| DROPPING +0 club.
   594 | D:1      | Reached skill level 3 in Axes
   753 | D:1      | Reached XP level 3. HP: 22/23 MP: 3/3
   922 | D:1      | 922 ||| READING scroll labelled YNKAOLICS.
   923 | D:1      | 923 ||| READING 2 scrolls labelled HIM LEWAUXONT.
   924 | D:1      | 924 ||| READING scroll labelled MUAZXE GOCO.
   925 | D:1      | 925 ||| DRINKING 2 blue potions.
   926 | D:1      | 926 ||| DROPPING scroll of noise.
  1027 | D:2      | 1027 ||| READING scroll of enchant weapon.
  1027 | D:2      | 1027 ||| ENCHANTING +1 war axe.
  1033 | D:2      | 1033 ||| Stepping ~*~*~tactically~*~*~ (hiding).
  1215 | D:2      | Noticed Sigmund
  1226 | D:2      | Killed from afar by Sigmund

Levels and vault maps discovered:
D:1:      minmay_arrival_loop, layout_loops_corners,
          ebering_ecumenical_altar_petrified
D:2:      minmay_chambers_of_ones, layout_rooms, minmay_tetromino_s4,
          uniq_jessica, uniq_sigmund

Skill      XL: |  1  2 |
---------------+-------+-----
Axes           | 2 3 |  3.4
Fighting       | |  3.2
Armour         | |  3.2
Shields        | |  3.2

Action                     || total
---------------------------++-------
  Melee: War axe           ||    98
    Use: Scroll            ||     4
         Potion            ||     1
 Armour: Scale mail        ||    40
  Dodge: Dodged            ||    33
  Block: Buckler           ||    16

Table legend:
 A = Non-vault XP
 B = Vault XP
 C = Vault XP percentage of total XP
 D = Non-vault monster count
 E = Vault monster count
 F = Vault count percentage of total count
                 A         B        C        D         E       F
            +---------+---------+-------+---------+---------+-------
      Total |      58 |       0 |   0.0 |      31 |       0 |   0.0
            +---------+---------+-------+---------+---------+-------
        D:1 |      37 |       0 |   0.0 |      22 |       0 |   0.0
        D:2 |      21 |       0 |   0.0 |       9 |       0 |   0.0
            +---------+---------+-------+---------+---------+-------
